 Dungeon Crawl Stone Soup version 0.29-a0-919-gd064cfad1c (webtiles) character file.

Game seed: 3567606732359181938

380 omnesmortales the Conjurer (level 6, -3/45 HPs)
             Began as a Draconian Conjurer on July 26, 2022.
             Was an Initiate of Vehumet.
             Killed by divine providence
             ... invoked by an orc priest
              (11 damage)
             ... on level 4 of the Dungeon.
             The game lasted 00:37:33 (5284 turns).

omnesmortales the Conjurer (Draconian Conjurer)     Turns: 5284, Time: 00:37:34

Health: -3/45      AC:  9    Str:  9    XL:     6   Next: 46%
Magic:  2/11       EV: 12    Int: 20    God:    Vehumet [......]
Gold:   176        SH:  0    Dex: 10    Spells: 9/12 levels left

rFire   . . .      SeeInvis .   p - +4 mace
rCold   . . .      Faith    .   (no shield)
rNeg    . . .      Spirit   .   (body armour unavailable)
rPois   .          Reflect  .   (helmet restricted)
rElec   .          Harm     .   (no cloak)
rCorr   .          Rampage  .   (no gloves)
Will    .....                   e - +2 pair of boots
Stlth   ++........              (no amulet)
HPRegen 0.15/turn               (no ring)
MPRegen 0.12/turn               (no ring)

@: no status effects
A: AC +6, unfitting armour, cold-blooded
a: Renounce Religion


You were on level 4 of the Dungeon.
You worshipped Vehumet.
Vehumet was noncommittal.
You visited 1 branch of the dungeon, and saw 4 of its levels.

You collected 176 gold pieces.

Inventory:

Hand Weapons
 p - a +4 mace (weapon)
 s - a +1 antimagic dagger
Missiles
 h - a throwing net
Armour
 e - a +2 pair of boots (worn)
Jewellery
 q - a +4 ring of slaying
Wands
 j - a wand of flame (4)
Scrolls
 n - a scroll of immolation
 o - a scroll of poison
 r - 2 scrolls of vulnerability {unknown}
 t - a scroll of fear {unknown}
Potions
 a - a potion of magic
 b - 2 potions of attraction
 c - 2 potions of mutation
 d - a potion of lignification {unknown}
 f - a potion of invisibility {unknown}
 g - 2 potions of flight {unknown}
 i - 2 potions of heal wounds
 k - 2 potions of curing {unknown}
 u - a potion of degeneration {unknown}


   Skills:
 + Level 2.9 Dodging
 - Level 2.3 Stealth
 - Level 0.3 Unarmed Combat
 * Level 3.9 Spellcasting
 * Level 5.8 Conjurations
 * Level 1.0 Translocations


You had 9 spell levels left.
You knew the following spells:

 Your Spells              Type           Power      Damage    Failure   Level
a - Magic Dart            Conj           100%       1d8       1%          1
b - Searing Ray           Conj           54%        2d6       1%          2

Your spell library contained the following spells:

 Spells                   Type           Power      Damage    Failure   Level
 Dazzling Flash           Conj/Hex       30%        N/A       12%         3
 Iskenderun's Mystic Bla  Conj/Tloc      17%        2d5       30%         4
 Fulminant Prism          Conj/Hex       7%         3d7       36%         4


Dungeon Overview and Level Annotations

Branches:
Dungeon (4/15)
 Temple: D:4-7

Altars:
Elyvilon
Ru
Trog
Vehumet

Shops:
D:2 (:(=

Annotations:
D:4 Eustachio


Innate Abilities, Weirdness & Mutations

Your plain brown scales are hard. (AC +6)
You cannot fit into any form of body armour.
You are cold-blooded and may be slowed by cold attacks.


Message History

The orc priest is almost dead.
The orc priest calls down the wrath of Beogh upon you.
Pain shoots through your body! The orc closely misses you.
The orc priest hits you with a +0 club.
You barely miss the orc priest.
The orc priest is almost dead.
The orc closely misses you.
The orc priest invokes the aid of Beogh against you.
Beogh smites you!
You closely miss the orc priest.
Your tail-slap misses the orc priest.
The orc priest is almost dead.
The orc hits you with a +4 flail of protection.
The orc priest calls upon Beogh to heal the orc priest.
The orc priest is healed somewhat.
The orc priest hits you but does no damage.
The orc hits you but does no damage.
The orc priest hits you but does no damage.
The orc priest attacks as you move away!
The orc priest closely misses you.
The orc priest looks braver for a moment.
The orc priest attacks as you move away!
The orc priest completely misses you. The orc attacks as you move away!
The orc closely misses you.
The orc priest calls down the wrath of Beogh upon you.
Beogh smites you!
* * * LOW HITPOINT WARNING * * *
Casting: Searing Ray (safe; 1% risk of failure)
Confirm with . or Enter, or press ? or * to list all spells.
You don't have enough magic to cast this spell.
You feel much better.
Okay, then.
Blink to where?
Press: ? - help, Dir - move target, p - orc priest
As you read the scroll of blinking, it crumbles to dust.
The orc priest invokes the aid of Beogh against you.
Beogh smites you!
* * * LOW HITPOINT WARNING * * *
The orc priest invokes the aid of Beogh against you.
Beogh smites you!
You die...

#######
#.....#
#.....#
#.....#
#.....#
#.....#
#####@....#
..##.)...#
#.##.##..# #
#.#..# .# .
#.$o## # >
####.#o# .##
#....#.## ..#
####.####o.#
#.#####....##
##.#


You could see 2 orc priests and an orc.

Vanquished Creatures
  2 orc priests (D:4)
  2 hounds
  An iguana (D:3)
  3 orc wizards
  3 gnolls (D:3)
  4 adders
  2 worms
  3 dart slugs
  6 orcs
  7 ball pythons
  8 endoplasms
  4 giant cockroaches
  9 goblins
  5 hobgoblins
  5 jackals (D:1)
  A quokka (D:1)
  4 bats (D:1)
  4 frilled lizards
  8 kobolds
  7 rats
88 creatures vanquished.

Vanquished Creatures (others)
  A plant (D:2)
  5 withered plants (D:3)
6 creatures vanquished.

Grand Total: 94 creatures vanquished

Notes
Turn   | Place    | Note
-------+----------+-------------------------------------------
     0 | D:1      | omnesmortales the Draconian Conjurer began the quest for
                  | the Orb.
     0 | D:1      | Reached XP level 1. HP: 14/14 MP: 3/3
   221 | D:1      | Reached XP level 2. HP: 17/20 MP: 1/5
   276 | D:1      | Learned a level 2 spell: Searing Ray
   700 | D:1      | Reached XP level 3. HP: 26/26 MP: 1/6
   912 | D:1      | Upgraded the game from 0.29-a0-911-g88e6f02907 to
                  | 0.29-a0-919-gd064cfad1c
  1929 | D:2      | Found Gyiprob's Book Shop.
  2022 | D:2      | Reached XP level 4. HP: 33/33 MP: 1/7
  2144 | D:2      | Found Vyfij's Weapon Boutique.
  2276 | D:2      | Found Coliwifu's Antique Weapon Shop.
  2843 | D:2      | Found Hore's Jewellery Boutique.
  3339 | D:3      | Found a faded altar of an unknown god.
  3570 | D:3      | Reached skill level 5 in Conjurations
  3914 | D:3      | Reached XP level 5. HP: 38/38 MP: 0/9
  4579 | D:4      | Found a radiant altar of Vehumet.
  4579 | D:4      | Found a sacrificial altar of Ru.
  4580 | D:4      | Found a white marble altar of Elyvilon.
  4580 | D:4      | Found a bloodstained altar of Trog.
  4630 | D:4      | Became a worshipper of Vehumet
  4647 | D:4      | Reached XP level 6. HP: 32/45 MP: 0/11
  4778 | D:4      | Noticed Eustachio
  5272 | D:4      | Reached skill level 1 in Translocations
  5284 | D:4      | Killed from afar by an orc priest

Illustrated notes

Levels and vault maps discovered:
D:1:      kilobyte_arrival_exit_the_forest, layout_rooms
D:2:      layout_loops_ring, serial_shops, nicolae_lakefront_shop,
          nicolae_shop_bloodbath_and_beyond, nicolae_shop_overgrown_old_shop,
          shop, hangedman_decor_lopped
D:3:      layout_basic, ebering_ecumenical_altar_petrified
D:4:      layout_rooms, chequers_temple_overflow_statue_of_worship,
          chequers_serial_rivers_large_a, uniq_sigmund, uniq_eustachio,
          uniq_grinder

Skill      XL: |  1  2  3  4  5  6 |
---------------+-------------------+-----
Dodging        | 2 |  2.9
Stealth        | 2 |  2.3
Conjurations   | 5 |  5.8
Spellcasting   | 3 |  3.9
Translocations | 1 |  1.0
Unarmed Combat | |  0.3

Action                   |  1- 3 |  4- 6 || total
-------------------------+-------+-------++-------
Melee: Unarmed           |     7 |       ||     7
       Tailslap          |     1 |     6 ||     7
       Dagger            |     3 |       ||     3
       Mace              |       |    43 ||    43
 Cast: Magic Dart        |    93 |   106 ||   199
       Searing Ray       |     1 |    11 ||    12
  Use: Scroll            |     2 |    10 ||    12
       Potion            |       |     1 ||     1
Armor: Skin              |     4 |    37 ||    41
Dodge: Dodged            |    21 |    59 ||    80

Table legend: (Time is in decaauts)
 A = Elapsed time spent in this place.
 B = Non-inter-level travel time spent in this place.
 C = Inter-level travel time spent in this place.
 D = Time resting spent in this place.
 E = Time spent auto-exploring this place.
 F = Levels seen in this place.
 G = Mean time per level.
                   A        B        C        D        E       F      G
               +--------+--------+--------+--------+--------+-----+--------+
         Total |   5318 |   5159 |    159 |   2292 |    908 |   4 | 1329.5 |
       Dungeon |   5318 |   5159 |    159 |   2292 |    908 |   4 | 1329.5 |
               +--------+--------+--------+--------+--------+-----+--------+

Top non-repeatable levels by time:
     D:3: 1629 daAuts
     D:2: 1608 daAuts
     D:1: 1597 daAuts
     D:4: 483 daAuts
